 Dungeon Crawl Stone Soup version 0.28.0-47-ge53b351184 (webtiles) character file.

Game seed: 10444462586030337738

22926 seaoflcl the Fencer (level 13, -4/108 HPs)
             Began as a Human Fighter on May 2, 2022.
             Was an Initiate of Gozag.
             Slain by a 15-headed hydra (6 damage)
             ... on level 4 of the Lair of Beasts.
             The game lasted 00:52:31 (22084 turns).

seaoflcl the Fencer (Human Fighter)                Turns: 22084, Time: 00:52:32

Health: -4/108     AC: 28    Str: 22    XL:     13   Next: 31%
Magic:  13/13      EV:  6    Int:  9    God:    Gozag
Gold:   1556       SH: 16    Dex: 12    Spells: 12/12 levels left

rFire   . . .      SeeInvis .   v - +8 falchion "Teohag" {vorpal, rN+}
rCold   . . .      Faith    .   S - +2 kite shield {AC+3}
rNeg    + . .      Spirit   .   V - +1 plate armour {rPois}
rPois   +          Reflect  +   e - +2 helmet
rElec   .          Harm     .   w - scarf {shadows}
rCorr   .          Rampage  .   o - +0 pair of gloves
Will    .....                   R - +2 pair of boots
Stlth   ..........              K - amulet of reflection
HPRegen 0.28/turn               E - ring of flight
MPRegen 0.13/turn               L - +4 ring of protection

@: flying
A: no striking features
a: Renounce Religion, Potion Petition, Call Merchant, Bribe Branch


You were on level 4 of the Lair of Beasts.
You worshipped Gozag.
Gozag was most pleased with you.
You visited 3 branches of the dungeon, and saw 16 of its levels.

You collected 2507 gold pieces.
You spent 824 gold pieces at shops.
You paid 127 gold pieces to Gozag.

Inventory:

Hand Weapons
 a - a +0 long sword
 r - the +1 mace of the Silent Majority {drain, rPois rC+ Str+5 Int-2}
   (You found it on level 6 of the Dungeon)

   A truly terrible weapon, it drains the life of any living foe it strikes.
   Str:       It affects your strength (+5).
   Int:       It affects your intelligence (-2).
   rC:        It protects you from cold.
   rPois:     It protects you from poison.
 v - the +8 falchion "Teohag" (weapon) {vorpal, rN+}
   (You found it on level 3 of the Dungeon)

   It inflicts extra damage upon your enemies.
   rN:        It protects you from negative energy.
 y - a +6 scimitar
 G - the +7 falchion "Jekuf" {drain, Will+ Str+4}
   (You found it on level 7 of the Dungeon)

   A truly terrible weapon, it drains the life of any living foe it strikes.
   Str:       It affects your strength (+4).
   Will:      It increases your willpower.
 N - a +0 vampiric demon blade
 X - the +5 hunting sling of the Apocalypse {vorpal, rC++ Int-3}
   (You found it on level 3 of the Lair of Beasts)

   Any ammunition fired from it inflicts extra damage upon your enemies.
   Int:       It affects your intelligence (-3).
   rC:        It greatly protects you from cold.
Missiles
 O - 6 throwing nets (quivered)
Armour
 d - a +0 cloak
 e - a +2 helmet (worn)
 o - a +0 pair of gloves (worn)
 p - a +0 chain mail
 w - a scarf of shadows (worn)
 R - a +2 pair of boots (worn)
 S - a +2 kite shield of protection (worn)
 V - a +1 plate armour of poison resistance (worn)
Jewellery
 E - a ring of flight (left hand)
 K - an amulet of reflection (around neck)
 L - a +4 ring of protection (right hand)
 M - a ring of magical power
 U - a +6 ring of intelligence
Wands
 t - a wand of flame (2)
 x - a wand of acid (21)
 z - a wand of charming (4)
 P - a wand of digging (1)
 T - a wand of paralysis (7)
Scrolls
 b - a scroll of magic mapping
 g - 3 scrolls of immolation
 h - 2 scrolls of fog
 i - 3 scrolls of teleportation
 j - 2 scrolls of amnesia
 m - 2 scrolls of blinking
 n - a scroll of holy word
 I - a scroll of vulnerability
 Q - a scroll of noise {unknown}
Potions
 c - a potion of resistance {unknown}
 f - a potion of haste {unknown}
 k - 2 potions of curing
 q - 2 potions of flight
 s - 2 potions of lignification
 u - 2 potions of ambrosia
 A - a potion of attraction {unknown}
 B - 7 potions of brilliance
 C - a potion of mutation
 D - 2 potions of invisibility
 F - 4 potions of degeneration
 H - a potion of berserk rage {unknown}
 W - a potion of magic {unknown}


   Skills:
 + Level 12.2 Fighting
 + Level 15.8 Long Blades
 + Level 5.7 Armour
 + Level 4.6 Dodging
 + Level 5.7 Shields


You had 12 spell levels left.
You didn't know any spells.
Your spell library contained the following spells:

 Spells                   Type           Power      Damage    Failure   Level
 Animate Dead             Necr           0%         N/A       100%        4
 Haunt                    Necr/Summ      0%         N/A       100%        7
 Infestation              Necr           0%         N/A       100%        8


Dungeon Overview and Level Annotations

Branches:
Dungeon (11/15)            Temple (1/1) D:7            Lair (4/6) D:8
  Swamp (0/4) Lair:4          Orc (0/2) D:9
  Snake: Lair:2-4    Spider: Lair:2-4

Altars:
Ashenzari
Cheibriados
Fedhas
Gozag
Kikubaaqudgha
Qazlal
Sif Muna
Wu Jian
Yredelemnul
Zin

Shops:
D:2 (   D:4 !   D:5 !   D:6 [   D:9 ![

Portals:
Trove: D:11 (give 10 potions of heal wounds)

Annotations:
D:7 2 transporters, KittyFluff's ghost, novice GrBe
D:8 3 runed translucent doors, Atherized's ghost, novice MiBe


Message History

You block the 15-headed hydra's attack.
The 15-headed hydra bites you but does no damage.
The 15-headed hydra completely misses you.
The 15-headed hydra bites you.
The 15-headed hydra bites you but does no damage. x7
Aiming: Polymorph
Press: ? - help, Shift-Dir - straight line, f/p - 15-headed hydra
Aim: a 15-headed hydra (will become a goliath frog, a quicksilver ooze, or an ice dragon, chance to affect: 17%)
The 15-headed hydra resists with almost no effort.
The now-empty wand crumbles to dust.
The 15-headed hydra bites you but does no damage. x2
You block the 15-headed hydra's attack. The 15-headed hydra bites you.
The 15-headed hydra bites you but does no damage.
You block the 15-headed hydra's attack. x2
The 15-headed hydra bites you but does no damage.
The 15-headed hydra barely misses you. The 15-headed hydra bites you.
You block the 15-headed hydra's attack.
The 15-headed hydra bites you but does no damage. x3
The 15-headed hydra bites you!
* * * LOW HITPOINT WARNING * * *
Unknown command.
The 15-headed hydra bites you but does no damage.
You block the 15-headed hydra's attack. x3; The 15-headed hydra bites you!
* * * LOW HITPOINT WARNING * * *
The 15-headed hydra bites you.
* * * LOW HITPOINT WARNING * * *
The 15-headed hydra bites you but does no damage.
You block the 15-headed hydra's attack. The 15-headed hydra bites you!
* * * LOW HITPOINT WARNING * * *
The 15-headed hydra bites you but does no damage. x2
The 15-headed hydra closely misses you. The 15-headed hydra bites you.
* * * LOW HITPOINT WARNING * * *
The 15-headed hydra bites you but does no damage. x2
There is a stone staircase leading up here.
Unknown command.
The 15-headed hydra bites you!
* * * LOW HITPOINT WARNING * * *
You block the 15-headed hydra's attack. The 15-headed hydra bites you.
You die...
Your body crumbles into a pile of gold.

##........#
#........#
#........#
#..(.....#
#........##
#.........##
#..........#
##...$D....##
#....@....##
##........#
##########


You could see a 15-headed hydra.

Vanquished Creatures
  A quicksilver ooze (Lair:2)
  Erolcha (D:10)
  2 two-headed ogres
  A bog body (Lair:4)
  A black mamba (Lair:2)
  Joseph (D:8)
  3 cane toads
  A torpor snail (Lair:1)
  2 gargoyles
  A rime drake (Lair:2)
  A kobold demonologist (D:10)
  3 komodo dragons
  A troll (D:8)
  15 blink frogs
  5 slime creatures (D:7)
  2 dream sheep (Lair:2)
  3 wraiths
  5 wyverns
  6 basilisks
  15 yaks
  2 vampire mosquitoes (D:10)
  A steam dragon (D:8)
  2 acid dragons
  8 water moccasins
  3 orc warriors
  A sky beast (D:8)
  A black bear (D:3)
  3 ogres
  A hornet zombie (D:6)
  9 centaurs
  15 wolves
  A phantom (D:4)
  7 bullfrogs
  2 kobold brigands (D:6)
  6 gnoll sergeants
  A water moccasin zombie (D:5)
  4 scorpions
  A wyvern skeleton (D:6)
  7 wights
  8 electric eels
  A howler monkey (D:9)
  4 centaur zombies
  3 gnoll shamans
  8 hounds
  3 jellies
  2 orc priests
  Crazy Yiuf (D:3)
  Ijyb (D:3)
  A bullfrog skeleton (D:6)
  2 iguanas
  An orc wizard (D:6)
  3 killer bee zombies
  A howler monkey zombie (D:8)
  37 gnolls
  9 adders
  An adder skeleton (D:4)
  4 dart slugs
  27 orcs
  An endoplasm (D:2)
  2 giant cockroaches (D:2)
  9 goblins
  8 hobgoblins
  9 jackals
  14 kobolds
  5 quokkas
  9 ball pythons
  5 bats
  6 frilled lizards
  10 rats
340 creatures vanquished.

Vanquished Creatures (others)
  A gnoll (D:9)
  12 fungi
  11 plants
24 creatures vanquished.

Grand Total: 364 creatures vanquished

Notes
Turn   | Place    | Note
-------+----------+-------------------------------------------
     0 | D:1      | seaoflcl the Human Fighter began the quest for the Orb.
     0 | D:1      | Reached XP level 1. HP: 18/18 MP: 1/1
   184 | D:1      | Reached XP level 2. HP: 24/24 MP: 2/2
   545 | D:1      | Reached XP level 3. HP: 29/29 MP: 3/3
   691 | D:1      | Reached skill level 3 in Long Blades
   941 | D:1      | Found a faded altar of an unknown god.
  1128 | D:2      | Found Hock's Antique Weapon Shoppe.
  1248 | D:2      | Reached XP level 4. HP: 32/35 MP: 4/4
  1666 | D:3      | Reached skill level 4 in Long Blades
  1776 | D:3      | Reached XP level 5. HP: 42/42 MP: 5/5
  2088 | D:3      | Noticed a black bear
  2118 | D:3      | Killed a black bear
  2119 | D:3      | Reached XP level 6. HP: 15/48 MP: 6/6
  2477 | D:3      | Reached skill level 5 in Long Blades
  2493 | D:3      | Found an ornate altar of the Wu Jian Council.
  2568 | D:3      | Noticed Ijyb
  2585 | D:3      | Killed Ijyb
  2852 | D:3      | Found a runed translucent door.
  2853 | D:3      | Noticed Crazy Yiuf
  3166 | D:3      | Identified the +8 falchion "Teohag" {vorpal, rN+}
  3337 | D:3      | Killed Crazy Yiuf
  3710 | D:4      | Reached XP level 7. HP: 55/55 MP: 7/7
  3854 | D:4      | Reached skill level 6 in Long Blades
  3892 | D:4      | Reached skill level 5 in Fighting
  3954 | D:4      | Found Satoetuu's Distillery.
  4577 | D:5      | Entered Level 5 of the Dungeon
  4918 | D:5      | Found Ujaib's Distillery.
  4923 | D:5      | Bought a potion of heal wounds for 65 gold pieces
  4925 | D:5      | Bought a potion of curing for 39 gold pieces
  4925 | D:5      | Bought a potion of curing for 39 gold pieces
  5085 | D:5      | Reached skill level 7 in Long Blades
  5085 | D:5      | Reached XP level 8. HP: 63/63 MP: 8/8
  6314 | D:6      | Reached skill level 8 in Long Blades
  6818 | D:6      | Noticed a yak
  6818 | D:6      | Noticed a yak
  6818 | D:6      | Noticed a yak
  6877 | D:6      | Found Tomugu's Armour Boutique.
  7103 | D:6      | Identified the +1 mace of the Silent Majority {drain, rPois
                  | rC+ Str+5 Int-2}
  7322 | D:6      | Reached XP level 9. HP: 61/71 MP: 9/9
  7513 | D:6      | Reached skill level 9 in Long Blades
  7646 | D:6      | Reached skill level 10 in Long Blades
  8215 | D:7      | Noticed a slime creature
  8345 | D:7      | Noticed a slime creature
  8345 | D:7      | Noticed a slime creature
  8345 | D:7      | Noticed a slime creature
  8345 | D:7      | Noticed a slime creature
  9393 | D:6      | Reached XP level 10. HP: 67/80 MP: 10/10
  9457 | D:6      | Reached skill level 11 in Long Blades
  9648 | D:7      | Identified the +7 falchion "Jekuf" {drain, Will+ Str+4}
  9668 | D:7      | Found a staircase to the Ecumenical Temple.
  9675 | Temple   | Entered the Ecumenical Temple
  9701 | Temple   | Became a worshipper of Gozag Ym Sagoz the Greedy
  9787 | D:7      | Found a transporter.
  9805 | D:7      | Noticed KittyFluff's ghost (novice GrBe)
  9829 | D:7      | Found a shimmering blue altar of Sif Muna.
  9840 | D:7      | Found a transporter.
 10710 | D:7      | Reached skill level 12 in Long Blades
 12277 | D:8      | Found a staircase to the Lair.
 12332 | D:8      | Noticed a two-headed ogre
 12362 | D:8      | Killed a two-headed ogre
 12363 | D:8      | Reached skill level 13 in Long Blades
 12363 | D:8      | Reached XP level 11. HP: 74/90 MP: 11/11
 12665 | D:8      | Noticed Joseph
 12674 | D:8      | Killed Joseph
 13219 | D:8      | Found a runed translucent gate.
 13221 | D:8      | Noticed Atherized's ghost (novice MiBe)
 13222 | D:8      | Found a runed translucent gate.
 13224 | D:8      | Found a runed translucent gate.
 13402 | D:9      | Reached skill level 10 in Fighting
 14323 | D:9      | Found Poefi's Distillery.
 14448 | D:9      | Bought a potion of heal wounds for 50 gold pieces
 14585 | D:9      | Found Jougeq's Armour Boutique.
 14731 | D:9      | Found a staircase to the Orcish Mines.
 14842 | D:9      | Reached skill level 14 in Long Blades
 16141 | D:10     | Entered Level 10 of the Dungeon
 16448 | D:9      | Bought a +2 kite shield of protection for 215 gold pieces
 16715 | D:10     | Noticed Erolcha
 16727 | D:10     | Killed Erolcha
 16728 | D:10     | Reached XP level 12. HP: 69/100 MP: 12/12
 17339 | D:11     | Noticed a two-headed ogre
 17354 | D:11     | Killed a two-headed ogre
 17355 | D:11     | Reached skill level 15 in Long Blades
 17667 | D:11     | Found a portal to a secret trove of treasure.
 18294 | D:6      | Bought a +1 plate armour of poison resistance for 416 gold
                  | pieces
 18362 | Lair:1   | Entered Level 1 of the Lair of Beasts
 18431 | Lair:1   | Reached skill level 1 in Dodging
 18782 | Lair:1   | Noticed a seven-headed hydra
 18824 | Lair:1   | a seven-headed hydra changed into a torpor snail
 19705 | Lair:2   | Noticed a five-headed hydra
 19722 | Lair:2   | Noticed a quicksilver ooze
 19722 | Lair:2   | a five-headed hydra changed into a quicksilver ooze
 19733 | Lair:2   | Killed a quicksilver ooze
 20249 | Lair:2   | Reached XP level 13. HP: 70/107 MP: 13/13
 20380 | Lair:2   | Reached skill level 5 in Shields
 20664 | Lair:2   | Reached skill level 5 in Armour
 21143 | Lair:3   | Identified the +5 mace of Defence {elec, Str+4 Dex-5 SInv}
 21181 | Lair:3   | Identified the +5 hunting sling of the Apocalypse {vorpal,
                  | rC++ Int-3}
 21213 | Lair:3   | Noticed a five-headed hydra
 21909 | Lair:4   | Found a staircase to the Swamp.
 21910 | Lair:4   | Noticed a seven-headed hydra
 21987 | Lair:3   | HP: 5/108 [blink frog (11)]
 22084 | Lair:4   | HP: 2/108 [15-headed hydra (11)]
 22084 | Lair:4   | Slain by a 15-headed hydra

Illustrated notes

Levels and vault maps discovered:
D:1:      dpeg_arrival_round_a, layout_loops_cross,
          shapermc_ecumenical_altar_hornbeckon, minmay_tiny_reverse_x
D:2:      layout_basic, serial_shops, nicolae_shop_crystal
D:3:      layout_loops_corners, amcnicky_altar_gilded, grunt_decor_fettered,
          palyth_stone_intersect, nicolae_figureground_pulse, uniq_ijyb,
          uniq_crazy_yiuf_cottage
D:4:      layout_basic, serial_shops, nicolae_shop_advertising_works
          [nicolae_subvault_shop_adworks], st_stairs_13
D:5:      layout_basic, serial_shops, shop
D:6:      layout_basic, serial_shops, nicolae_diamond_shop,
          minmay_misc_feat_five
D:7:      layout_basic, overflow_temple_1_default,
          minmay_temple_entry_mini_moons, gammafunk_ghost_hive,
          minmay_liquid_box
D:8:      layout_gridville, erik_lair_island, biasface_ghost_orc_armoury,
          minmay_misc_feat_rugged, uniq_joseph
D:9:      layout_cave_pools, hiddenorc1_lemuel, serial_gnoll_camp,
          gnoll_camp_mini_shop, gnoll_camp_medium_02, gnoll_camp_huts_moat,
          gnoll_camp_mini_house, nicolae_take_the_stairs,
          small_statue_intersection, nicolae_water_bricks
D:10:     layout_basic, uniq_erolcha
D:11:     layout_rooms, enter_trove_1, nicolae_concentric_dashed_squares_mild
Temple:   regret_index_temple_chain_breaker
Lair:1:   layout_gridlike, grunt_megastairs_3, serial_bayou_shore_b,
          serial_bayou_shore_a, lemuel_fruit_tree, infiniplex_staircase_pool_2
Lair:2:   layout_gridlike, st_stairs_10
Lair:3:   lemuel_slime, layout_cave_pods, nicolae_spider_entry_non_spiders,
          infiniplex_staircase_pool, grunt_megastairs_5
Lair:4:   layout_big_grid, skrybe_swamp_entry_bodies,
          ebering_ghost_disaster_area

Skill      XL: |  1  2  3  4  5  6  7  8  9 10 11 12 13 |
---------------+----------------------------------------+-----
Long Blades    | 3 4 5 7 8 10 13 14 15 | 15.8
Fighting       | 4 5 6 8 9 11 12 | 12.2
Dodging        | 3 4 |  4.6
Armour         | 4 5 |  5.7
Shields        | 4 5 |  5.7

Action                   |  1- 3 |  4- 6 |  7- 9 | 10-12 | 13-15 || total
-------------------------+-------+-------+-------+-------+-------++-------
Melee: Long sword        |   115 |   102 |       |       |       ||   217
       Falchion          |       |    19 |   219 |   623 |   136 ||   997
       Mace              |       |       |       |       |    12 ||    12
Throw: Throwing net      |       |       |       |     1 |     1 ||     2
Evoke: Wand              |       |       |     5 |    23 |     5 ||    33
  Use: Scroll            |       |     3 |     8 |     8 |     6 ||    25
       Potion            |       |     1 |     1 |     3 |     6 ||    11
 Stab: Distracted        |       |       |       |     8 |       ||     8
Armor: Scale mail        |    53 |    10 |       |       |       ||    63
       Chain mail        |       |    63 |    76 |   152 |       ||   291
       Plate armour      |       |       |       |   102 |   212 ||   314
Dodge: Dodged            |    67 |    41 |    32 |    99 |    53 ||   292
Block: Buckler           |    35 |    29 |    14 |       |       ||    78
       Kite shield       |       |       |    58 |   410 |   192 ||   660
       Reflection        |       |       |       |    25 |     1 ||    26
